 Dungeon Crawl Stone Soup version 0.17-a0-2073-gde5cdba (webtiles) character file.

445 4thArraOfDagon the Chopper (level 6, -1/56 HPs)
             Began as a Minotaur Fighter on Oct 14, 2015.
             Succumbed to a wasp's poison
             ... on level 7 of the Dungeon.
             The game lasted 00:06:07 (1183 turns).

4thArraOfDagon the Chopper (Minotaur Fighter)       Turns: 1183, Time: 00:06:07

Health: -1/56      AC: 12    Str: 20    XL:     6   Next: 72%
Magic:  5/5        EV:  5    Int:  7    God:
Gold:   38         SH:  9    Dex: 10    Spells: 0 memorised, 5 levels left

rFire  . . .     SeeInvis .     a - +0 war axe
rCold  . . .     Clarity  .     i - +0 chain mail
rNeg   . . .     SustAt   .     c - +0 shield
rPois  .         Gourm    .     (helmet restricted)
rElec  .         Spirit   .     (no cloak)
rCorr  .         Warding  .     f - +1 pair of gloves
rMut   .         Stasis   .     (no boots)
MR     .....                    (no amulet)
Stlth  ..........               (no ring)
                                (no ring)

@: lethally poisoned (-1 -> -8), slowed, very slow, not resistant to hostile
enchantments, extremely unstealthy
A: retaliatory headbutt, horns 2
a: no special abilities


You were on level 7 of the Dungeon.
You were not hungry.

You visited 1 branch of the dungeon, and saw 7 of its levels.

You collected 58 gold pieces.
You spent 20 gold pieces at shops.

Inventory:

Hand Weapons
 a - a +0 war axe (weapon)
Armour
 c - a +0 shield (worn)
 f - a +1 pair of gloves (worn)
 i - a +0 chain mail (worn)
Potions
 j - a potion of magic
Comestibles
 b - 4 chunks of flesh
 d - a royal jelly
 e - a bread ration
 h - 3 meat rations


   Skills:
 + Level 5.6 Fighting
 * Level 6.2 Axes
 + Level 5.4 Armour
 - Level 3.9 Shields


You had 5 spell levels left.
You didn't know any spells.

Dungeon Overview and Level Annotations

Branches:
Dungeon (7/15)
 Temple: D:4-7

Altars:
Dithmenos
Fedhas
Kikubaaqudgha

Shops:
D:4 (?=%

Annotations:
D:3 Sigmund


Innate Abilities, Weirdness & Mutations

You reflexively headbutt those who attack you in melee.
You have a pair of horns on your head.


Message History

The wasp barely misses you. You block the wasp's attack.
Unknown command.
Unknown command.
Unknown command.
You closely miss the wasp.
The wasp is almost dead.
You feel sick. The wasp stings you.
* * * LOW HITPOINT WARNING * * *
You suddenly lose the ability to move!
The wasp stings you but does no damage. The wasp stings you.
* * * LOW HITPOINT WARNING * * *
You are more poisoned.
You feel as though you will be slow longer.
You can move again.
Unknown command.
Unknown command.
Unknown command.
You completely miss the wasp. Your headbutt misses the wasp.
The wasp is almost dead.
You die...

###########
#.........#
#.........#
#.........# .
#......$..#..
#............
#......(.....
#....@y......
#####...##...
#....#
.......
.........
..........
..........
...........


You could see a wasp.

Vanquished Creatures
  2 ogres (D:6)
  A giant frog (D:6)
  A crimson imp (D:6)
  A hound (D:6)
  2 iguanas
  A hound skeleton (D:6)
  4 adders
  2 oozes
  An adder skeleton (D:6)
  A giant gecko (D:3)
  An orc (D:6)
  9 goblins
  6 hobgoblins
  12 jackals
  A bat (D:3)
  A giant gecko skeleton (D:7)
  3 giant newts
  A kobold (D:1)
  A rat (D:3)
51 creatures vanquished.

Notes
Turn   | Place    | Note
--------------------------------------------------------------
     0 | D:1      | 4thArraOfDagon the Minotaur Fighter began the quest for the Orb.
     0 | D:1      | Reached XP level 1. HP: 19/19 MP: 0/0
    16 | D:1      | Reached XP level 2. HP: 25/27 MP: 1/1
    63 | D:1      | Reached skill level 4 in Fighting
   149 | D:2      | Found an ancient bone altar of Kikubaaqudgha.
   203 | D:3      | Noticed Sigmund
   225 | D:3      | Reached XP level 3. HP: 18/33 MP: 2/2
   316 | D:4      | Found Nookukk's Food Shop.
   331 | D:4      | Found Naata's Jewellery Emporium.
   458 | D:4      | Found Kumnouxobb's Magic Scroll Boutique.
   461 | D:4      | Bought a scroll of identify for 20 gold pieces
   502 | D:4      | Found Vemeraq's Antique Weapon Emporium.
   510 | D:4      | Reached XP level 4. HP: 38/41 MP: 3/3
   553 | D:4      | Found a shadowy altar of Dithmenos.
   553 | D:4      | Noticed a phantom
   569 | D:4      | Noticed an ogre
   570 | D:5      | Entered Level 5 of the Dungeon
   689 | D:5      | Found a blossoming altar of Fedhas.
   726 | D:6      | Noticed an ogre
   728 | D:6      | Killed an ogre
   728 | D:6      | Reached XP level 5. HP: 30/47 MP: 4/4
   753 | D:6      | Noticed an ogre
   762 | D:6      | Killed an ogre
   762 | D:6      | Reached skill level 5 in Fighting
   762 | D:6      | Reached skill level 5 in Axes
   762 | D:6      | Reached skill level 5 in Armour
   767 | D:6      | Reached XP level 6. HP: 26/56 MP: 5/5
   786 | D:6      | Noticed an ogre
   913 | D:5      | Noticed an ice beast
  1110 | D:6      | Noticed a giant frog
  1114 | D:6      | Killed a giant frog
  1114 | D:6      | Reached skill level 6 in Axes
  1142 | D:6      | Noticed an ice beast
  1182 | D:7      | Paralysed by a wasp for 1 turns
  1182 | D:7      | HP: 1/56 [wasp (2)]
  1183 | D:7      | Succumbed to a wasp's poison

Vault maps used:
D:1:      dpeg_arrival_rooms_with_view
D:2:      lemuel_doored_altar
D:3:      gammafunk_temple_overflow_elements, minmay_goblin_outpost,
          uniq_sigmund
D:4:      nicolae_overflow_hidden_temple, serial_shops, shop,
          nicolae_shop_behind_doors, shop, nicolae_shop_crystal, shop,
          grunt_dithmenos_shadows
D:5:      okawaru_ov_weapons_minmay, kennysheep_mini, first_bread
D:7:      minmay_temple_entry_nine_rooms, uniq_joseph, uniq_crazy_yiuf_cottage

Action                   |  1- 3 |  4- 6 || total
-------------------------+-------+-------++-------
Melee: War axe           |    69 |    65 ||   134
  Use: Scroll            |     3 |     2 ||     5
       Potion            |     1 |     4 ||     5
  Eat: Chunk             |       |     1 ||     1
